 Dungeon Crawl Stone Soup version 0.27-a0-1200-g94dc6ad4cf (webtiles) character file.

Game seed: 11194394744114755888

2353 wakim the Thaumaturge (level 9, -20/67 HPs)
             Began as a Djinni Conjurer on May 28, 2021.
             Was a Believer of Makhleb.
             Shot with a bolt by an orc warrior (26 damage)
             ... in a bailey on May 30, 2021.
             The game lasted 00:19:25 (8400 turns).

wakim the Thaumaturge (Djinni Conjurer)             Turns: 8400, Time: 00:19:26

Health: -20/67     AC:  7    Str:  6    XL:     9   Next: 71%
Gold:   113        EV: 12    Int: 24    God:    Makhleb [**....] SH:  0 Dex: 15

rFire    + + .     SeeInvis .   a - +4 dagger
rCold    x . .     Faith    .   (no shield)
rNeg     . . .     Spirit   .   i - +1 leather armour of Qeliuga {rElec rCorr Dex+4}
rPois    ∞         Reflect  .   (no helmet)
rElec    +         Harm     .   (no cloak)
rCorr    +         Rampage  .   q - +2 pair of gloves
Will     .....                  (boots unavailable)
Stlth    ++........             (no amulet)
HPRegen  0.21/turn              (no ring)
MPRegen  0.00/turn              (no ring)

@: flying
A: sickness immunity, fire resistance 2, cold vulnerability 1, float, innate
caster, hp casting, extra vitality 1
a: Renounce Religion, Minor Destruction


You were in a bailey.
You worshipped Makhleb.
Makhleb was pleased with you.
You visited 1 branch of the dungeon, and saw 7 of its levels.
You also visited: Bailey.

You collected 246 gold pieces.
You spent 133 gold pieces at shops.

Inventory:

Hand Weapons
 a - a +4 dagger (weapon)
 b - a +0 hunting sling
Armour
 i - the +1 leather armour of Qeliuga (worn) {rElec rCorr Dex+4}
   (You bought it in a shop on level 4 of the Dungeon)

   It affects your dexterity (+4).
   It insulates you from electricity.
   It protects you from acid and corrosion.
 j - a +0 kite shield
 q - a +2 pair of gloves (worn)
Wands
 t - a wand of digging (6)
 v - a wand of flame (20)
 x - a wand of iceblast (7)
Scrolls
 c - a scroll of enchant armour
 l - 3 scrolls of enchant weapon
 R - 3 scrolls of magic mapping {!r}
 S - a scroll of summoning
Potions
 d - 2 potions of haste {unknown}
 g - 2 potions of berserk rage {unknown}
 h - a potion of attraction {unknown}
 m - a potion of cancellation {unknown}
 n - 2 potions of ambrosia {unknown}
 p - 2 potions of degeneration {unknown}
 D - 4 potions of brilliance
 F - 4 potions of curing
 J - 4 potions of heal wounds
 L - 6 potions of lignification {!q}


   Skills:
 + Level 6.6 Fighting
 + Level 3.5 Dodging
 - Level 1.5 Stealth
 * Level 8.1 Spellcasting
 + Level 2.3 Invocations


You had 2 spell levels left.
You knew the following spells:

 Your Spells              Type           Power      Damage    Failure   Level
a - Magic Dart            Conj           100%       1d8       1%          1
b - Dazzling Flash        Conj/Hex       98%        N/A       1%          3
c - Foxfire               Conj/Fire      100%       2x1d9     1%          1
d - Static Discharge      Conj/Air       49%        N/A       1%          2
e - Slow                  Hex            49%        N/A       1%          2
f - Summon Guardian Gole  Hex/Summ       49%        N/A       1%          3
s - Searing Ray           Conj           98%        3d7       1%          2
x - Iskenderun's Mystic   Conj/Tloc      49%        2d11      3%          4
z - Fulminant Prism       Conj/Hex       24%        3d13      3%          4
Your spell library was empty.

Dungeon Overview and Level Annotations

Branches:
Dungeon (7/15)             Bailey (1/1)
 Temple: D:4-7

Altars:
Elyvilon
Fedhas
Makhleb
Okawaru

Shops:
D:2 ?   D:4 [   D:5 (


Innate Abilities, Weirdness & Mutations

You are immune to sickness and miasma.
You are immune to poison.
Your flesh is very heat resistant. (rF++)
You are vulnerable to cold. (rC-)
You float through the air rather than walking.
You learn spells naturally, not from books.
Your magical power is your life essence.
You have superior vitality. (+4 HP)


Message History

The orc warrior is lightly wounded.
The orc warrior shouts!
The orc warrior shoots a bolt.
The bolt hits you!
* * * LOW HITPOINT WARNING * * *
Casting: Magic Dart (safe; 1% risk of failure)
Confirm with . or Enter, or press ? or * to list all spells.
You conjure some foxfire!
* * * LOW HITPOINT WARNING * * *
The orc warrior shoots a bolt.
The bolt hits you!
* * * LOW HITPOINT WARNING * * *
You feel much better.
Unknown command.
The foxfire hits the orc warrior.
The orc warrior is lightly wounded.
The foxfire hits the orc warrior!
The orc warrior is moderately wounded.
The orc warrior shoots a bolt.
The bolt hits you but does no damage.
There is an empty arch of ancient stone here.
Casting: Foxfire (safe; 1% risk of failure)
Confirm with . or Enter, or press ? or * to list all spells.
You can't see any susceptible monsters within range! (Use Z to cast anyway.) Unknown command.
The orc warrior shoots a bolt.
The bolt hits you!
* * * LOW HITPOINT WARNING * * *
Casting: Foxfire (safe; 1% risk of failure)
Confirm with . or Enter, or press ? or * to list all spells.
Aiming: Searing Ray (safe; 1% risk of failure)
Press: ? - help, Shift-Dir - straight line, f/p - orc warrior
Aim: an orc warrior, wielding a +0 arbalest, wearing a +0 ring mail and quivering bolts (moderately wounded, 79% to hit)
The searing ray hits the orc warrior.
The orc warrior is heavily wounded. (Press . to maintain the ray.)
* * * LOW HITPOINT WARNING * * *
The orc warrior shoots a bolt.
The bolt hits you!
* * * LOW HITPOINT WARNING * * *
The searing ray hits the orc warrior!
The orc warrior is almost dead.
* * * LOW HITPOINT WARNING * * *
The orc warrior shoots a bolt.
The bolt hits you!!
You die...

###########
#∩.........
#.∩........
#..@.......
#..........
#..........
#..........
#.....o.≈≈≈
#......≈≈#.
#......≈##
#......≈o.
#......≈##


You could see 2 orc warriors.

Vanquished Creatures
  Sigmund (D:3)
  A steam dragon (D:6)
  A necrophage (D:4)
  4 ice beasts
  An orc warrior (D:6)
  4 ogres
  Blork the orc (D:5)
  A gnoll sergeant (D:4)
  A scorpion (D:5)
  A water moccasin zombie (D:6)
  A wyvern skeleton (D:6)
  A water moccasin skeleton (D:3)
  2 bullfrog zombies (D:5)
  A hound (D:5)
  A centaur skeleton (D:6)
  5 orc priests
  Terence (D:2)
  3 iguanas
  5 orc wizards
  2 hound skeletons (D:5)
  9 gnolls
  7 adders
  A white imp (D:6)
  An adder skeleton (D:4)
  3 worms (D:3)
  4 dart slugs
  36 orcs
  6 endoplasms
  4 giant cockroaches
  8 goblins
  11 hobgoblins
  3 quokkas (D:1)
  6 ball pythons
  4 bats (D:1)
  4 frilled lizards
  6 kobolds
  5 rats
156 creatures vanquished.

Vanquished Creatures (others)
  8 foxfires (Bailey)
  2 fulminant prisms (D:5)
10 creatures vanquished.

Grand Total: 166 creatures vanquished

Notes
Turn   | Place    | Note
-------+----------+-------------------------------------------
     0 | D:1      | wakim the Djinni Conjurer began the quest for the Orb.
     0 | D:1      | Reached XP level 1. HP: 15/15 MP: 0/0
   300 | D:1      | Reached XP level 2. HP: 20/22 MP: 0/0
   488 | D:1      | You are sucked into a shaft and drop 1 floor!
   535 | D:2      | Reached skill level 1 in Fighting
   539 | D:2      | Found Qyewurch's Magic Scroll Shoppe.
   775 | D:2      | Reached XP level 3. HP: 21/27 MP: 0/0
   775 | D:2      | Learned a level 1 spell: Foxfire
  1101 | D:2      | Noticed Terence
  1117 | D:2      | Killed Terence
  1118 | D:2      | Reached skill level 4 in Spellcasting
  1118 | D:2      | Reached XP level 4. HP: 21/33 MP: 0/0
  2358 | D:3      | Reached XP level 5. HP: 23/38 MP: 0/0
  2358 | D:3      | Learned a level 2 spell: Static Discharge
  2593 | D:3      | Found a faded altar of an unknown god.
  2880 | D:3      | Found a burning altar of Makhleb.
  2882 | D:3      | Found a blossoming altar of Fedhas.
  2886 | D:3      | Became a worshipper of Makhleb the Destroyer
  3006 | D:3      | Noticed Sigmund
  3012 | D:3      | Killed Sigmund
  3013 | D:3      | Reached skill level 5 in Spellcasting
  3013 | D:3      | Reached XP level 6. HP: 37/46 MP: 0/0
  3383 | D:3      | Reached XP level 7. HP: 47/50 MP: 0/0
  3383 | D:3      | Learned a level 2 spell: Slow
  3836 | D:4      | Found Beotoi's Antique Armour Boutique.
  3860 | D:4      | Bought a bloodstained leather armour for 133 gold pieces
  3860 | D:4      | Identified the +1 leather armour of Qeliuga {rElec rCorr
                  | Dex+4} (You bought it in a shop on level 4 of the Dungeon)
  4263 | D:4      | Reached * piety under Makhleb
  4335 | D:4      | Reached skill level 6 in Spellcasting
  4339 | D:4      | Reached XP level 8. HP: 22/58 MP: 0/0
  4733 | D:4      | Found an iron altar of Okawaru.
  5417 | D:5      | Entered Level 5 of the Dungeon
  5491 | D:5      | Reached skill level 5 in Fighting
  5585 | D:5      | Noticed Blork the orc
  5590 | D:5      | Killed Blork the orc
  5816 | D:5      | Reached skill level 7 in Spellcasting
  6056 | D:5      | Reached XP level 9. HP: 39/66 MP: 0/0
  6056 | D:5      | Learned a level 3 spell: Summon Guardian Golem
  6463 | D:5      | Found Enyorh Gats's Antique Weapon Emporium.
  6760 | D:6      | Found a white marble altar of Elyvilon.
  6925 | D:6      | Reached ** piety under Makhleb
  6926 | D:6      | Reached skill level 1 in Invocations
  7114 | D:6      | Reached skill level 8 in Spellcasting
  8125 | D:6      | Upgraded the game from 0.27-a0-1196-g3e9cee4cb2 to
                  | 0.27-a0-1200-g94dc6ad4cf
  8168 | D:7      | Found a flagged portal.
  8182 | Bailey   | Entered a bailey
  8400 | Bailey   | Shot with a bolt by an orc warrior

Illustrated notes

Levels and vault maps discovered:
D:1:      giann_forest_graveyard, layout_basic
D:2:      minmay_kobold_bridge, layout_basic, serial_shops,
          nicolae_shop_statue_plus, minmay_octomino_e4, uniq_terence
D:3:      layout_basic, gammafunk_temple_overflow_statue,
          chequers_ecumenical_altar_island, cheibrodos_sewer_entry_bend,
          uniq_sigmund
D:4:      layout_loops_corners, lemuel_coloured_pillars_altar, serial_shops,
          shop_statue, chequers_serial_rivers_small_3, kennysheep_another_room
D:5:      layout_basic, serial_shops, shop, uniq_blork_the_orc
D:6:      layout_basic, elyvilon_altar_4
D:7:      layout_layer_cave, old_standard_altar, minmay_temple_entry_crystal_x,
          enter_bailey_4, minmay_misc_feat_pillars, kennysheep_generic_room_10,
          uniq_joseph
Bailey:   bailey_polearm_2, bailey

Skill      XL: |  1  2  3  4  5  6  7  8  9 |
---------------+----------------------------+-----
Fighting       | 1 2 3 4 5 6 |  6.6
Spellcasting   | 4 5 6 7 8 |  8.1
Invocations    | 2 |  2.3
Dodging        | 3 |  3.5
Stealth        | |  1.5

Action                   |  1- 3 |  4- 6 |  7- 9 || total
-------------------------+-------+-------+-------++-------
Melee: Dagger            |     2 |       |       ||     2
 Cast: Magic Dart        |    38 |    24 |    21 ||    83
       Searing Ray       |     5 |    28 |    54 ||    87
       Slow              |       |       |     6 ||     6
       Fulminant Prism   |       |       |     2 ||     2
       Iskenderun's Myst |       |       |    11 ||    11
       Foxfire           |       |       |     5 ||     5
  Use: Scroll            |       |     6 |     8 ||    14
       Potion            |       |       |     1 ||     1
Armor: Robe              |       |     2 |       ||     2
       Leather armour    |       |       |     8 ||     8
Dodge: Dodged            |    10 |     9 |    16 ||    35

Table legend: (Time is in decaauts)
 A = Elapsed time spent in this place.
 B = Non-inter-level travel time spent in this place.
 C = Inter-level travel time spent in this place.
 D = Time resting spent in this place.
 E = Time spent auto-exploring this place.
 F = Levels seen in this place.
 G = Mean time per level.
                   A        B        C        D        E       F      G
               +--------+--------+--------+--------+--------+-----+--------+
         Total |   8400 |   8236 |    164 |    337 |   7091 |   8 | 1050.0 |
       Dungeon |   8182 |   8018 |    164 |    163 |   7074 |   7 | 1168.9 |
        Bailey |    217 |    217 |      0 |    174 |     17 |   1 |  217.0 |
               +--------+--------+--------+--------+--------+-----+--------+

Top non-repeatable levels by time:
     D:4: 1580 daAuts
     D:3: 1497 daAuts
     D:5: 1466 daAuts
     D:2: 1392 daAuts
     D:6: 1262 daAuts
     D:1: 946 daAuts
  Bailey: 217 daAuts
     D:7: 36 daAuts
